AoeStats
← AOELG_bravedave92

Lombardia

507070081Analyzed
2v2 RM · 17d ago on Sep 16, 2026· 29m 12s· 4 players
Game mode
Random Map
Map size
Medium (4 player)
Population
200
Speed
Normal
Resources
Standard
Victory
Conquest
Starting age
Dark Age
Ending age
Imperial Age
RankedLock teamsTeams togetherTeam positionsShared explorationLock speedFull tech treeHidden civsTurbo modeCheats
Victory
Defeat
🇨🇭 Mongols · Switzerland
1188
+13
🇩🇪 Poles · Germany
1134
+16
🇹🇷 Magyars · Türkiye
1149
-15
🇩🇪 Franks · Germany
1109
-14
notagoodplayer
7:25 Loom
9:36 Feudal Age
10:27 Double-Bit Axe
13:11 Horse Collar
16:02 Wheelbarrow
21:49 Castle Age
21:15 Scale Barding Armor
21:37 Bloodlines
24:09 Light Cavalry
zeromaster
13:42 Feudal Age
13:48 Loom
AOELG_bravedave92
6:14 Loom
9:04 Feudal Age
9:41 Double-Bit Axe
12:46 Bloodlines
14:15 Forging
20:15 Castle Age
19:08 Scale Barding Armor
20:20 Light Cavalry
21:55 Husbandry
22:34 Horse Collar
23:42 Wheelbarrow
24:06 Iron Casting
23:24 Fletching
25:25 Bow Saw
26:07 Hand Cart
27:41 Gold Mining
28:14 Szlachta Privileges
frickman
8:04 Feudal Age
8:06 Loom
8:39 Double-Bit Axe
13:19 Horse Collar
18:17 Gold Mining
21:02 Castle Age
19:58 Forging
19:54 Scale Barding Armor
20:39 Bloodlines
22:27 Iron Casting
21:15 Light Cavalry
24:26 Chain Barding Armor
25:00 Heavy Plow
25:15 Fletching
25:26 Padded Archer Armor
28:22 Wheelbarrow
27:44 Bodkin Arrow
28:06 Leather Archer Armor
Connection lost

Rejoining the realm…

Still unreachable

The connection could not be restored.

Session expired

The server has moved on; the page needs a fresh start.